 Dungeon Crawl Stone Soup version 0.31.0-11-ge490571c62 (webtiles) character file.

Game seed: 16832651059323365209

34 qw the Shooter (level 3, -2/20 HPs)
             Began as a Deep Elf Hunter on Feb 4, 2024.
             Slain by a gnoll
             ... wielding a +2 spear of freezing
              (7 damage)
             ... on level 2 of the Dungeon.
             The game lasted 00:00:13 (979 turns).

qw the Shooter (Deep Elf Hunter)                     Turns: 979, Time: 00:00:13

Health: -2/20      AC:  3    Str: 10    XL:     3   Next: 14%
Magic:  5/5        EV: 12    Int: 13    God:
Gold:   21         SH:  0    Dex: 18    Spells: 2/2 levels left

rFire   . . .        a - +2 shortbow
rCold   . . .        (shield currently unavailable)
rNeg    . . .        c - +0 leather armour
rPois   .            (no helmet)
rElec   .            (no cloak)
rCorr   .            (no gloves)
SInv    .            (no boots)
Will    .....        e - amulet of regeneration
Stlth   ++           (no ring)
HPRegen 1.03/turn    (no ring)
MPRegen 0.09/turn

%: no passive effects
@: no status effects
A: no striking features
a: no special abilities


You were on level 2 of the Dungeon.
You visited 1 branch of the dungeon, and saw 2 of its levels.

You collected 21 gold pieces.


   Skills:
 - Level 1.5 Fighting
 + Level 6.7 Ranged Weapons
 - Level 2.4 Dodging
 - Level 1.2 Stealth


You had 2 spell levels left.
You didn't know any spells.
Your spell library was empty.

Inventory:

Hand Weapons
 a - a +2 shortbow (weapon)
Armour
 c - a +0 leather armour (worn)
Jewellery
 e - an amulet of regeneration (around neck)
Scrolls
 f - a scroll of fog {unknown}
 g - a scroll of identify {unknown}
Potions
 b - a potion of heal wounds {unknown}
 d - a potion of resistance {unknown}
 i - a potion of might {unknown}

Dungeon Overview and Level Annotations

Branches:
Dungeon (2/15)

Altars:


Message History

Increase (S)trength, (I)ntelligence, or (D)exterity?
You feel stronger. x2
You start resting.
HP restored.
You see here a ribbon worm corpse.
d - a murky purple potion
f - a scroll labelled JUIWOITREC
g - a scroll labelled JEDUON HASEPLA An endoplasm and a kobold come into view.
You shoot an arrow. The arrow hits the endoplasm.
The endoplasm quivers.
The endoplasm is heavily wounded.
You shoot an arrow. The arrow hits the endoplasm.
The endoplasm is almost dead.
You shoot an arrow. The arrow barely misses the endoplasm.
The arrow hits the kobold.
You kill the kobold!
The endoplasm jiggles.
You shoot an arrow. The arrow hits the endoplasm!
You kill the endoplasm!
An orc comes into view. It is wielding a +0 whip.
You shoot an arrow. The arrow hits the orc.
The orc is almost dead.
You shoot an arrow. The arrow hits the orc!
You kill the orc!
A gnoll comes into view. It is wielding a +2 spear of freezing.
You shoot an arrow. The arrow barely misses the gnoll.
The gnoll barely misses you.
You shoot an arrow. The arrow hits the gnoll!
The gnoll is severely wounded.
The gnoll hits you from afar with a +2 spear of freezing!
The gnoll freezes you.
You shoot an arrow. The arrow hits the gnoll.
The gnoll is severely wounded.
The gnoll hits you from afar with a +2 spear of freezing!
The gnoll freezes you.
You shoot an arrow. The arrow hits the gnoll.
The gnoll is severely wounded.
The gnoll hits you from afar with a +2 spear of freezing!
You die...

#.# #)# ~# #.#
~# .. #.# ~# #.
##.# .# #.
g.###.# #.
#.##..# #.
#@##.### #.
#......# #.
######.#
######. #.#
#...... #.#
#.####.
###.#####.## #.
#..........# #.
#.#.#####..###.
#.#....##..#...


You could see a gnoll.

Vanquished Creatures
  A ribbon worm (D:2)
  An orc (D:2)
  4 endoplasms
  A goblin (D:1)
  4 hobgoblins (D:1)
  3 quokkas (D:1)
  2 ball pythons
  3 bats
  A frilled lizard (D:1)
  3 kobolds
  7 rats (D:1)
30 creatures vanquished.

Notes
Turn   | Place    | Note
-------+----------+-------------------------------------------
     0 | D:1      | qw the Deep Elf Hunter began the quest for the Orb.
     0 | D:1      | Reached XP level 1. HP: 12/12 MP: 3/3
     0 | D:1      | 0 ||| qw: Version: 0.3-a-160-g6735b56
     0 | D:1      | 0 ||| qw: Game counter: 5743
     0 | D:1      | 0 ||| qw: Melee chars always use a shield: true
     0 | D:1      | 0 ||| qw: God list: Okawaru
     0 | D:1      | 0 ||| qw: Allow faded altars: false
     0 | D:1      | 0 ||| qw: Do Orc after clearing Dungeon:15 true
     0 | D:1      | 0 ||| qw: Do second Lair branch before Depths: true
     0 | D:1      | 0 ||| qw: Lair rune preference: random
     0 | D:1      | 0 ||| qw: Goals: Normal
     0 | D:1      | 0 ||| PLANNING D:1-11
   204 | D:1      | Reached XP level 2. HP: 16/16 MP: 4/4
   300 | D:1      | Reached skill level 6 in Ranged Weapons
   686 | D:1      | 686 ||| UPGRADING to amulet of regeneration.
   691 | D:1      | 691 ||| READING scroll labelled YVOSCH TAFEESEE.
   696 | D:1      | 696 ||| READING scroll labelled HUKAGH LALAIX.
   697 | D:1      | 697 ||| READING 2 scrolls labelled PIPONOEWNY.
   697 | D:1      | 697 ||| ENCHANTING +0 shortbow.
   698 | D:1      | 698 ||| READING scroll of enchant weapon.
   698 | D:1      | 698 ||| ENCHANTING +1 shortbow.
   699 | D:1      | 699 ||| READING scroll labelled EKLUERGH FOEM.
   800 | D:1      | 800 ||| DROPPING scroll of butterflies.
   936 | D:2      | Reached XP level 3. HP: 15/20 MP: 5/5
   978 | D:2      | HP: 3/20 [gnoll/+2 spear of freezing (3)]
   979 | D:2      | Slain by a gnoll

Levels and vault maps discovered:
D:1:      reono_arrival_mine, layout_basic, hex_tiny
D:2:      layout_loops_ring, corexii_corridor_pit

Skill      XL: |  1  2 |
---------------+-------+-----
Ranged Weapons | 6 |  6.7
Fighting       | |  1.5
Dodging        | |  2.4
Stealth        | |  1.2

Action                     || total
---------------------------++-------
   Fire: Shortbow          ||    63
    Use: Scroll            ||     5
 Armour: Leather armour    ||     6
  Dodge: Dodged            ||     3

Table legend:
 A = Non-vault XP
 B = Vault XP
 C = Vault XP percentage of total XP
 D = Non-vault monster count
 E = Vault monster count
 F = Vault count percentage of total count
                 A         B        C        D         E       F
            +---------+---------+-------+---------+---------+-------
      Total |      49 |       0 |   0.0 |      30 |       0 |   0.0
            +---------+---------+-------+---------+---------+-------
        D:1 |      35 |       0 |   0.0 |      23 |       0 |   0.0
        D:2 |      14 |       0 |   0.0 |       7 |       0 |   0.0
            +---------+---------+-------+---------+---------+-------
